 Dungeon Crawl Stone Soup version 0.28.0 (webtiles) character file.

Game seed: 4584158106547454194

9 Doggr the Skirmisher (level 2, -2/24 HPs)
             Began as a Demonspawn Abyssal Knight on Feb 6, 2022.
             Was a Follower of Lugonu.
             Slain by an adder (3 damage)
             ... on level 2 of the Dungeon.
             The game lasted 00:14:35 (568 turns).

Doggr the Skirmisher (Demonspawn Abyssal Knight)     Turns: 568, Time: 00:14:36

Health: -2/24      AC:  3    Str: 13    XL:     2   Next: 6%
Magic:  3/3        EV: 11    Int: 11    God:    Lugonu [*.....]
Gold:   8          SH:  0    Dex: 13    Spells: 1/1 levels left

rFire   . . .      SeeInvis .   a - +1 falchion
rCold   . . .      Faith    .   (no shield)
rNeg    . . .      Spirit   .   b - +0 leather armour
rPois   .          Reflect  .   (no helmet)
rElec   .          Harm     .   c - scarf {+Inv}
rCorr   .          Rampage  .   (no gloves)
Will    .....                   (no boots)
Stlth   +.........              (no amulet)
HPRegen 0.08/turn               (no ring)
MPRegen 0.08/turn               (no ring)

@: no status effects
A: powered by pain 1
a: Renounce Religion, Evoke Invisibility, Depart the Abyss


You were on level 2 of the Dungeon.
You worshipped Lugonu.
Lugonu was aware of your devotion.
You visited 1 branch of the dungeon, and saw 2 of its levels.
You visited the Abyss 1 time.

You collected 8 gold pieces.

Inventory:

Hand Weapons
 a - a +1 falchion (weapon)
 d - a +0 hunting sling
 f - a +0 short sword
Missiles
 g - 27 stones
Armour
 b - a +0 leather armour (worn)
 c - a scarf of invisibility (worn)
Scrolls
 i - a scroll of immolation
Potions
 e - a potion of heal wounds {unknown}


   Skills:
 + Level 3.3 Fighting
 + Level 2.0 Long Blades
 + Level 1.9 Armour
 + Level 0.8 Dodging
 + Level 2.4 Invocations


You had one spell level left.
You didn't know any spells.
Your spell library was empty.

Dungeon Overview and Level Annotations

Branches:
Dungeon (2/15)

Altars:


Innate Abilities, Weirdness & Mutations

You sometimes gain a little power by taking damage.


Message History

You closely miss the adder.
You feel sick. The adder bites you. x2
You closely miss the adder.
You feel sick. The adder barely misses you.
You hit the adder.
The adder is moderately wounded.
You feel sick. The adder bites you. The adder misses you.
You hit the adder.
The adder is severely wounded.
You feel sick. The adder misses you.
You barely miss the adder.
The adder is severely wounded.
You feel sick.
You are no longer poisoned.
The adder bites you.
* * * LOW HITPOINT WARNING * * *
The adder bites you.
* * * LOW HITPOINT WARNING * * *
The bat hits you but does no damage. The bat closely misses you.
The bat completely misses you. The bat closely misses you.
The bat hits you but does no damage. The bat barely misses you.
You slash the bat!
You kill the bat!
Lugonu accepts your kill. The adder closely misses you.
Your Long Blades skill increases to level 2!
The adder barely misses you. The adder completely misses you.
Found a scroll labelled GAKKYTRAGG.
The adder bites you.
* * * LOW HITPOINT WARNING * * *
As you read the scroll labelled GAKKYTRAGG, it crumbles to dust.
It is a scroll of identify.
i - a scroll of immolation The adder bites you.
* * * LOW HITPOINT WARNING * * *
You closely miss the adder.
The adder is heavily wounded.
The adder barely misses you. The adder bites you.
You die...

#### #...
################## #...
.................####...
..?....@S...........'...
###.############..###...
##.###... #..##...
##†##... #..#... ##.####
#..# ##.##


You could see an adder.

Vanquished Creatures
  2 ball pythons (D:2)
  A bat (D:2)
  A giant cockroach (D:1)
  A jackal (D:2)
  2 kobolds (D:2)
  2 rats
9 creatures vanquished.

Notes
Turn   | Place    | Note
-------+----------+-------------------------------------------
     0 | Abyss:1  | Doggr the Demonspawn Abyssal Knight began the quest for the
                  | Orb.
     0 | Abyss:1  | Reached XP level 1. HP: 18/18 MP: 2/2
    32 | Abyss:1  | Noticed a thrashing horror
    86 | D:1      | Escaped the Abyss
   506 | D:2      | Gained mutation: You sometimes gain a little power by
                  | taking damage. [demonic ancestry]
   506 | D:2      | Reached XP level 2. HP: 22/24 MP: 3/3
   567 | D:2      | HP: 1/24 [adder (2)]
   568 | D:2      | Slain by an adder

Illustrated notes

Levels and vault maps discovered:
D:1:      saegor_arrival_simple_e, layout_basic,
          dreamdust_ecumenical_altar_drowned_temple
D:2:      layout_basic, minmay_misc_feat_tiny, uniq_jessica

Skill      XL: |  1  2 |
---------------+-------+-----
Long Blades    | 2 |  2.0
Fighting       | |  3.3
Armour         | |  1.9
Dodging        | |  0.8
Invocations    | |  2.4

Action                   || total
-------------------------++-------
Melee: Falchion          ||    29
 Fire: Hunting sling     ||     6
  Use: Scroll            ||     2
Armor: Leather armour    ||    11
Dodge: Dodged            ||    25
